Map: King's Cove LE

Players

llllllllllll (Stats) - Winner!

  • Race: Protoss Protoss
  • League: Master
  • Spawn Location: 5:00

Serral

  • Race: Zerg Zerg
  • League: Grandmaster
  • Spawn Location: 11:00

Event: 2019 Assembly Summer

VOD

Have the link to the VOD?

Description

Time

  • Played on: Aug. 3, 2019, 12:22 p.m.
  • Length: 7:16

All games in this series

Show
View Real Time Build Order
Export as new Build Order

llllllllllll Protoss - Winner!

Build Orders: 1 Gate Expand, Oracle Opening, Phoenix Opening 

Get SALT Encoding   

  12  0:00  Probe  
  13  0:12  Probe  
  14  0:19  Pylon  
  14  0:25  Probe  
  15  0:31  Assimilator  
  15  0:34  Probe  
  15  0:42  Probe  
  16  0:43  Gateway  
  17  0:51  Probe  
  18  1:03  Probe  
  19  1:15  Probe  
  20  1:24  Nexus  
  20  1:34  Cybernetics Core  
  20  1:37  Probe  
  21  1:43  Assimilator  
  21  1:49  Probe  
  21  1:53  Pylon  
  22  2:01  Adept, Probe  
  23  2:13  Probe  
  26  2:15  Stargate  
  26  2:22  Warp Gate  
  26  2:25  Probe  
  27  2:31  Adept  
  27  2:34  Probe x2  
  29  2:42  Probe x2  
  33  2:52  Probe x2  
  33  2:54  Phoenix  
  35  3:04  Probe x2  
  39  3:07  Pylon  
  39  3:11  Oracle  
  39  3:16  Probe x2  
  44  3:25  Gateway  
  44  3:28  Probe x2  
  46  3:35  Assimilator  
  46  3:36  Assimilator  
  46  3:40  Probe x2  
  46  3:41  Oracle  
  48  3:46  Pylon  
  48  3:52  Probe x2  
  53  3:58  Robotics Facility  
  53  4:04  Probe x2  
  55  4:10  Oracle  
  55  4:13  Adept  
  57  4:19  Probe x2  
  57  4:20  Pylon  
  62  4:34  Pylon  
  62  4:35  Immortal  
  62  4:38  Adept, Sentry  
  70  4:48  Gateway  
  70  4:50  Gateway  
  70  4:59  Gateway x2  
  70  5:01  Pylon  
  70  5:05  Sentry x2  
  74  5:09  Pylon  
  74  5:14  Observer  
  74  5:17  Gateway  
  74  5:20  Probe x2  
  77  5:27  Warp Prism  
  77  5:32  Sentry  
  77  5:33  Sentry  
  81  5:42  Nexus, Pylon  
  81  5:50  Probe x2  
  81  5:53  Sentry  
  80  6:04  Stalker x2  
  80  6:05  Stalker x3  
  88  6:14  Probe  
  88  6:15  Probe  
  88  6:17  Pylon  
  90  6:30  Stalker x4  
  90  6:32  Probe x2  
  100  6:35  Stalker  
  97  6:55  Stalker x3  
  97  6:59  Stalker x2  
  103  7:02  Sentry x2  
Show
View Real Time Build Order
Export as new Build Order

Serral Zerg 

Build Orders: Hatch First 

Get SALT Encoding   

  12  0:00  Drone  
  13  0:12  Overlord  
  13  0:18  Drone  
  14  0:31  Drone x2  
  16  0:49  Hatchery  
  15  0:53  Drone  
  15  0:56  Drone  
  17  1:01  Drone  
  18  1:10  Extractor  
  17  1:16  Spawning Pool  
  16  1:19  Drone  
  16  1:23  Drone  
  18  1:28  Drone  
  19  1:39  Drone  
  20  1:49  Overlord  
  20  2:02  Queen x2  
  20  2:03  Zergling x4  
  26  2:11  Drone, Metabolic Boost  
  26  2:14  Drone  
  28  2:21  Drone  
  29  2:23  Drone  
  30  2:39  Hatchery  
  30  2:40  Drone  
  30  2:44  Overlord  
  30  2:47  Drone  
  30  2:49  Drone  
  32  2:54  Drone  
  33  3:00  Queen  
  33  3:02  Zergling x2  
  33  3:04  Drone  
  37  3:12  Drone x2  
  39  3:14  Drone x2  
  39  3:17  Overlord  
  39  3:19  Drone  
  42  3:22  Drone x2  
  44  3:28  Overlord  
  44  3:36  Queen  
  44  3:39  Drone x2  
  48  3:42  Spore Crawler  
  48  3:43  Overlord  
  47  3:49  Drone  
  47  3:51  Spore Crawler  
  47  3:52  Drone  
  47  3:53  Spore Crawler  
  47  3:56  Drone x2  
  47  3:57  Drone  
  47  4:00  Drone  
  51  4:04  Queen  
  51  4:06  Drone  
  51  4:09  Drone  
  55  4:12  Overlord  
  55  4:14  Drone  
  56  4:19  Zergling x2  
  56  4:20  Zergling x2  
  56  4:21  Overlord  
  56  4:24  Zergling x2  
  59  4:25  Drone  
  59  4:26  Drone  
  59  4:30  Lair  
  61  4:37  Drone x3, Roach Warren  
  63  4:43  Zergling x2  
  63  4:45  Drone x4  
  68  4:48  Overlord  
  68  4:50  Spore Crawler  
  67  4:57  Drone x3  
  67  4:58  Drone x2  
  69  5:03  Overlord  
  69  5:04  Drone  
  69  5:05  Drone  
  71  5:10  Extractor  
  71  5:11  Drone x2  
  71  5:12  Extractor x2  
  70  5:16  Drone x2  
  70  5:18  Drone x4  
  70  5:20  Overlord  
  76  5:24  Drone  
  76  5:27  Drone x4  
  77  5:35  Glial Reconstitution  
  77  5:36  Overlord  
  77  5:37  Drone x2, Extractor  
  78  5:45  Drone x2  
  78  5:49  Drone x2  
  80  5:50  Spire  
  80  5:54  Drone x5  
  85  5:59  Drone x2  
  78  6:04  Drone x3  
  78  6:10  Extractor  
  80  6:13  Roach x3  
  80  6:18  Roach x4  
  94  6:23  Roach x2  
  95  6:28  Roach x2  
  99  6:33  Ravager  
  99  6:34  Overlord, Ravager x2  
  99  6:38  Roach x2  
  107  6:40  Ravager  
  107  6:46  Roach x4  
  111  6:51  Roach x2, Zergling x2  
  111  6:52  Roach  
Tags
 
Add a new tag
Caveats
  • Supply blocks, unpowered buildings, or Contaminate may cause inaccurate times.
  • Supply counts are checked every 10 seconds.